 Dungeon Crawl Stone Soup version 0.28.0-45-g0d030f2227 (webtiles) character file.

Game seed: 6806599752669585355

189 zeratav the Insei (level 5, -2/35 HPs)
             Began as an Octopode Transmuter on Apr 8, 2022.
             Slain by a gnoll
             ... wielding a +0 halberd
              (14 damage)
             ... on level 4 of the Dungeon.
             The game lasted 00:05:42 (4289 turns).

zeratav the Insei (Octopode Transmuter)             Turns: 4289, Time: 00:05:43

Health: -2/35      AC:  1    Str: 11    XL:     5   Next: 68%
Magic:  7/8        EV: 14    Int: 15    God:
Gold:   120        SH:  0    Dex: 13    Spells: 7/8 levels left

rFire   . . .      SeeInvis .     - Unarmed
rCold   . . .      Faith    .   (no shield)
rNeg    . . .      Spirit   .   (helmet currently unavailable)
rPois   .          Reflect  .   (no amulet)
rElec   .          Harm     .   (no ring)
rCorr   .          Rampage  .   (no ring)
Will    .....                   (no ring)
Stlth   +++.......              (no ring)
HPRegen 0.11/turn               (no ring)
MPRegen 0.11/turn               (no ring)
                                (no ring)
                                (no ring)

@: appendages (expiring)
A: tentacle spike 3, almost no armour, amphibious, 8 rings, camouflage 1,
gelatinous body 1, (nimble swimmer 1), tentacles
a: End Transformation


You were on level 4 of the Dungeon.
One of your tentacles had grown a beastly spike.
You visited 1 branch of the dungeon, and saw 4 of its levels.

You collected 120 gold pieces.


Innate Abilities, Weirdness & Mutations

One of your tentacles has grown a beastly spike.
You cannot wear most types of armour.
You are amphibious.
You can wear up to eight rings at the same time.
Your skin changes colour to match your surroundings (Stealth+).
Your rubbery body absorbs attacks. (AC +1, EV +1)
((You are camouflaged when in or above water. (Stealth+)))
You have tentacles for arms and can constrict up to eight enemies at once.


   Skills:
 + Level 2.4 Fighting
 + Level 3.1 Dodging
 + Level 3.1 Stealth
 * Level 4.4 Unarmed Combat
 - Level 2.0 Spellcasting
 - Level 2.0 Transmutations


You had 7 spell levels left.
You knew the following spells:

 Your Spells              Type           Power      Damage    Failure   Level
a - Beastly Appendage     Tmut           14%        N/A       10%         1

Your spell library contained the following spells:

 Spells                   Type           Power      Damage    Failure   Level
 Wereblood                Tmut           7%         N/A       14%         2
 Spider Form              Tmut/Pois      4%         N/A       41%         3
 Ice Form                 Ice/Tmut       4%         N/A       82%         4

Inventory:

Jewellery
 m - a ring of protection from fire
   (You found it on level 4 of the Dungeon)
 n - a ring of poison resistance
   (You found it on level 4 of the Dungeon)
Scrolls
 a - a scroll of teleportation {unknown}
 c - a scroll of fog {unknown}
 e - 2 scrolls of immolation {!r!r}
 f - 2 scrolls of magic mapping {unknown}
 g - 2 scrolls of vulnerability {unknown}
Potions
 b - a potion of flight {unknown}
 d - a potion of haste {unknown}
 h - a potion of lignification {unknown}
 i - a potion of mutation {unknown}
 j - 4 potions of ambrosia {unknown}
 k - a potion of brilliance {unknown}
 l - a potion of cancellation {unknown}

Dungeon Overview and Level Annotations

Branches:
Dungeon (4/15)             Temple (0/1) D:4

Altars:
Hepliaklqana

........88≈≈≈≈≈88.............#
..............................#
.....................###########
.#.......88≈≈≈≈≈88...###
.....o..≈≈≈≈≈####....#
.≈≈≈≈≈.###..#.# .≈≈≈≈#..###.#..#
≈≈≈≈≈....##.##..#
≈≈≈≈≈..@5....#### ≈≈≈≈.......J.#
g≈≈≈....g#.....#
≈≈≈≈..g......### ≈≈≈≈.....##..#
≈≈≈g.######..# ≈≈≈## #..# ≈≈≈
#..


You could see 4 gnolls, an ufetubus and an endoplasm.


Message History

Deactivating autopickup; reactivate with Ctrl-A.
The orc wizard shouts!
The orc wizard casts a spell at you. The magic dart hits you!
HP[-8]
You take 8 damage, and now have 27/35 hp.
MASSIVE DAMAGE!! (PAUSE)
The orc shouts!
A magic dart appears from out of thin air!
The magic dart hits you.
HP[-6]
You take 6 damage, and now have 21/35 hp.
The orc wizard shouts!
You hear a shout! x2
An orc comes into view. It is wielding a +0 whip.
HP[+1]
Found a stone staircase leading up.
A shaft crumbles and collapses.
The orc wizard points at you and mumbles some strange words.
You resist with some effort.
HP[+1]
The orc wizard casts a spell at you. The puff of flame hits you!
* * * LOW HITPOINT WARNING * * *
HP[-11]
You take 11 damage, and now have 12/35 hp.
MASSIVE DAMAGE!! (PAUSE)
You hear the slow rusting of a very distant drain.
Things that are here:
a ring of poison resistance; 12 gold pieces
Okay, then.
HP[+1]
You closely miss the orc wizard. You grab the orc wizard.
You squeeze the orc wizard.
You constrict the orc wizard, but do no damage.
The orc wizard misses you.
You tentacle-slap the orc wizard but do no damage.
You constrict the orc wizard.
The orc wizard hits you with a +0 dagger.
* * * LOW HITPOINT WARNING * * *
HP[-2]
You take 2 damage, and now have 11/35 hp.
You tentacle-slap the orc wizard. You constrict the orc wizard.
You bludgeon the orc wizard!
You kill the orc wizard!
Your Stealth skill increases to level 3!
Things that are here:
a ring of poison resistance; 12 gold pieces You start resting.
You hear the slow rusting of a very distant drain.
A ball python comes into view.
HP[+9]
You regained 9 hp, and now have 20/35 hp.
Unknown command.
Things that are here:
a ring of poison resistance; 12 gold pieces A ball python is nearby!
n - a ring of poison resistance You now have 120 gold pieces (gained 12).
One of your tentacles grows a vicious spike.
The ball python hisses angrily.
HP[+1] MP[-1]
You lost 1 mp, and now have 7/8 mp.
The ball python closely misses you. The ball python completely misses you.
You tentacle-slap the ball python.
You kill the ball python!
You see here a ball python corpse.
You start resting.
You hear the slow rusting of a very distant drain.
Your transformation is almost over.
MP[+1]
Your mp is fully restored (8).
HP[+1]
Your tentacle spike disappears.
A gnoll comes into view. It is wielding a +0 halberd.
The gnoll moves out of view.
HP[+1]
An endoplasm comes into view.
An ufetubus comes into view.
One of your tentacles grows a vicious spike.
MP[-1]
You lost 1 mp, and now have 7/8 mp.
A gnoll comes into view. It is wielding a +0 whip.
Your transformation is almost over.
The ufetubus hits you. x2; The gnoll misses you.
HP[-5]
You take 5 damage, and now have 18/35 hp.
The ufetubus barely misses you. The ufetubus closely misses you.
A gnoll comes into view. It is wielding a +0 flail.
The gnoll closely misses you. The ufetubus hits you.
* * * LOW HITPOINT WARNING * * *
The ufetubus hits you.
* * * LOW HITPOINT WARNING * * *
The gnoll barely misses you.
HP[-6]
You take 6 damage, and now have 12/35 hp.
A gnoll comes into view. It is wielding a +0 club.
The gnoll shouts! x2
The endoplasm quivers.
The gnoll hits you from afar with a +0 halberd!
You die...

Skill      XL: |  1  2  3  4  5 |
---------------+----------------+-----
Stealth        | 1 2 3 |  3.1
Unarmed Combat | 4 |  4.4
Fighting       | 2 |  2.4
Dodging        | 3 |  3.1
Spellcasting   | |  2.0
Transmutations | |  2.0

Action                   |  1- 3 |  4- 6 || total
-------------------------+-------+-------++-------
Melee: Unarmed           |    76 |    65 ||   141
       Kick              |    27 |    17 ||    44
       Constrict         |    24 |    18 ||    42
       Tentacles         |     9 |    13 ||    22
       Punch             |     1 |     2 ||     3
 Cast: Beastly Appendage |    25 |    19 ||    44
 Stab: Sleeping          |     6 |    10 ||    16
Armor: Skin              |     8 |     4 ||    12
Dodge: Dodged            |    42 |    29 ||    71

Levels and vault maps discovered:
D:1:      ncdulo_halloftheorcs, layout_basic, hellmonk_ecumenical_altar_blasted,
          hex_medium
D:2:      kennysheep_the_goblin_king, layout_basic, basic_altar, uniq_terence
D:3:      layout_basic, minmay_pentomino_pile, uniq_natasha
D:4:      wander_river, layout_rooms, minmay_temple_entry_antechambers,
          portal_sewer_entry_e

Notes
Turn   | Place    | Note
-------+----------+-------------------------------------------
     0 | D:1      | zeratav the Octopode Transmuter began the quest for the
                  | Orb.
     0 | D:1      | Reached XP level 1. HP: 13/13 MP: 3/3
     0 | D:1      | magus.rc [v1.9.6]
   529 | D:1      | Reached XP level 2. HP: 18/18 MP: 3/5
   582 | D:1      | Reached skill level 1 in Stealth
   915 | D:1      | Found a faded altar of an unknown god.
   930 | D:1      | Reached XP level 3. HP: 23/23 MP: 4/6
  1249 | D:2      | HP: 4/23 [goblin/+0 dagger (2)]
  1541 | D:2      | Found a hazy altar of Hepliaklqana.
  1652 | D:2      | HP: 6/24 [poisoned by an adder]
  2227 | D:2      | Noticed Terence
  2236 | D:2      | Killed Terence
  2237 | D:2      | Reached skill level 2 in Stealth
  2237 | D:2      | Reached XP level 4. HP: 15/29 MP: 5/7
  2530 | D:2      | Reached skill level 4 in Unarmed Combat
  2893 | D:3      | Reached skill level 2 in Fighting
  2993 | D:3      | Noticed Natasha
  3002 | D:3      | Killed Natasha
  3163 | D:3      | Reached XP level 5. HP: 34/34 MP: 6/8
  3832 | D:3      | Noticed Natasha
  3839 | D:3      | Killed Natasha
  4078 | D:4      | Found a staircase to the Ecumenical Temple.
  4083 | D:4      | Reached skill level 3 in Dodging
  4175 | D:4      | Reached skill level 3 in Stealth
  4289 | D:4      | Slain by a gnoll

Vanquished Creatures
  Terence (D:2)
  Natasha (twice) (D:3)
  An orc wizard (D:4)
  An adder (D:2)
  2 worms
  3 dart slugs
  An orc (D:3)
  6 endoplasms
  4 giant cockroaches
  8 goblins
  9 hobgoblins
  9 kobolds
  7 quokkas
  4 ball pythons
  3 bats
  A frilled lizard (D:1)
  3 rats
65 creatures vanquished.

Table legend:
 A = Non-vault XP
 B = Vault XP
 C = Vault XP percentage of total XP
 D = Non-vault monster count
 E = Vault monster count
 F = Vault count percentage of total count
                 A         B        C        D         E       F
            +---------+---------+-------+---------+---------+-------
      Total |     175 |      96 |  35.4 |      52 |      13 |  20.0
            +---------+---------+-------+---------+---------+-------
        D:1 |      37 |       0 |   0.0 |      19 |       0 |   0.0
        D:2 |      33 |      50 |  60.2 |      11 |       8 |  42.1
        D:3 |      56 |      46 |  45.1 |      14 |       5 |  26.3
        D:4 |      49 |       0 |   0.0 |       8 |       0 |   0.0
            +---------+---------+-------+---------+---------+-------

Illustrated notes

Table legend:
 A = Kills in this place as a percentage of kills in entire the game.
 B = Kills by you in this place as a percentage of kills by you in the entire game.
 C = Kills by friends in this place as a percentage of kills by friends in the entire game.
 D = Other kills in this place as a percentage of other kills in the entire game.
 E = Experience gained in this place as a percentage of experience gained in the entire game.
 F = Experience gained in this place divided by the number of levels of this place that you have seen.
                   A       B       C       D       E      F
               +-------+-------+-------+-------+-------+----------------------
         Total | 100.0 | 100.0 |   N/A |   N/A | 100.0 |  67.8
       Dungeon | 100.0 | 100.0 |   N/A |   N/A | 100.0 |  67.8
               +-------+-------+-------+-------+-------+----------------------

Table legend: (Time is in decaauts)
 A = Elapsed time spent in this place.
 B = Non-inter-level travel time spent in this place.
 C = Inter-level travel time spent in this place.
 D = Time resting spent in this place.
 E = Time spent auto-exploring this place.
 F = Levels seen in this place.
 G = Mean time per level.
                   A        B        C        D        E       F      G
               +--------+--------+--------+--------+--------+-----+--------+
         Total |   4279 |   4187 |     92 |    103 |   3575 |   4 | 1069.8 |
       Dungeon |   4279 |   4187 |     92 |    103 |   3575 |   4 | 1069.8 |
               +--------+--------+--------+--------+--------+-----+--------+

Top non-repeatable levels by time:
     D:2: 1650 daAuts
     D:1: 1222 daAuts
     D:3: 1186 daAuts
     D:4: 219 daAuts
